 Dungeon Crawl Stone Soup version 0.32-a0-119-g2e8054a333 (webtiles) character file.

Game seed: 2318031940274951929

4 CougarLife the Caller (level 1, -1/13 HPs)
             Began as a Merfolk Summoner on Feb 6, 2024.
             Slain by an endoplasm (2 damage)
             ... on level 1 of the Dungeon.
             The game lasted 00:00:38 (131 turns).

CougarLife the Caller (Merfolk Summoner)             Turns: 131, Time: 00:00:38

Health: -1/13      AC:  2    Str:  8    XL:     1   Next: 70%
Magic:  2/3        EV: 12    Int: 14    God:
Gold:   12         SH:  0    Dex: 14    Spells: 3/4 levels left

rFire   . . .        d - +0 short sword
rCold   . . .        (no shield)
rNeg    . . .        a - +0 robe
rPois   .            (no helmet)
rElec   .            (no cloak)
rCorr   .            (no gloves)
SInv    .            (no boots)
Will    .....        (no amulet)
Stlth   ++           (no ring)
HPRegen 0.22/turn    (no ring)
MPRegen 0.08/turn

%: no passive effects
@: no status effects
A: (nimble swimmer 2), mertail
a: no special abilities


You were on level 1 of the Dungeon.
You visited 1 branch of the dungeon, and saw 1 of its levels.

You collected 12 gold pieces.

Inventory:

Hand Weapons
 d - a +0 short sword (weapon)
Armour
 a - a +0 robe (worn)
Potions
 b - a potion of magic
 c - a potion of might {unknown}


   Skills:
 - Level 2.6 Dodging
 - Level 2.1 Stealth
 + Level 2.2 Spellcasting
 + Level 4.1 Summonings


You had 3 spell levels left.
You knew the following spells:

 Your Spells              Type           Power      Damage    Failure   Level
a - Summon Small Mammal   Summ           52%        N/A       4%          1

Your spell library contained the following spells:

 Spells                   Type           Power      Damage    Failure   Level
 Call Imp                 Summ           26%        N/A       6%          2
 Call Canine Familiar     Summ           13%        N/A       13%         3
 Summon Blazeheart Golem  Fire/Summ      7%         N/A       69%         4
 Summon Lightning Spire   Summ/Air       7%         N/A       69%         4


Dungeon Overview and Level Annotations

Branches:
Dungeon (1/15)

Altars:


Innate Abilities, Weirdness & Mutations

((You are very nimble when in or above water. (Stealth+, EV+, Speed+++)))
Your lower body shifts to a powerful aquatic tail in water.


Message History

The goblin is severely wounded.
The endoplasm hits you but does no damage.
The goblin hits you with a +0 dagger.
You hit the goblin.
You kill the goblin!
The endoplasm hits you.
You are too injured to fight recklessly!
You are too injured to fight recklessly!
You are too injured to fight recklessly!
The endoplasm hits you. The endoplasm freezes you.
You are frozen.
* * * LOW HITPOINT WARNING * * *
You hit the endoplasm.
The endoplasm is heavily wounded.
The endoplasm freezes you.
You are frozen.
* * * LOW HITPOINT WARNING * * *
You hit the endoplasm but do no damage.
The endoplasm is heavily wounded.
The endoplasm hits you but does no damage.
You barely miss the endoplasm.
The endoplasm is heavily wounded.
The endoplasm hits you.
* * * LOW HITPOINT WARNING * * *
The endoplasm attacks as it pursues you!
The endoplasm closely misses you.
The endoplasm attacks as it pursues you!
The endoplasm hits you.
* * * LOW HITPOINT WARNING * * *
You see here a rat corpse.
The endoplasm attacks as it pursues you!
The endoplasm barely misses you.
You are too injured to fight recklessly!
Casting: Summon Small Mammal (safe; 4% risk of failure)
Confirm with . or Enter, or press ? or * to list all spells.
The endoplasm closely misses you.
The endoplasm attacks as it pursues you!
The endoplasm hits you.
You die...

...... .......).......# ......
##############.# ...... ....
#.# ......###### #.. #.#
...........# ... #.#
#.........# #.### #.#
#....)....# .... #.#
#.........######.#########.###
...........r†J@...............#
##.........######.#########.#.#
...........+..............>.#.#
##.........##...#######.##..#.#
#.........##.............†.#.#
#.........##...............#.#
#....#.#.#.#.#.#.#.#.#.#.###.#
#####.........................
#>#.#.#.#.#.#.#.###.#


You could see an endoplasm (ally target) and a friendly rat (summoned).

Vanquished Creatures
  A goblin (D:1)
  A rat (D:1)
2 creatures vanquished.

Vanquished Creatures (collateral kills)
  A ball python (D:1)
  A hobgoblin (D:1)
  A kobold (D:1)
3 creatures vanquished.

Grand Total: 5 creatures vanquished

Notes
Turn   | Place    | Note
-------+----------+-------------------------------------------
     0 | D:1      | CougarLife the Merfolk Summoner began the quest for the
                  | Orb.
     0 | D:1      | Reached XP level 1. HP: 13/13 MP: 3/3
   131 | D:1      | Slain by an endoplasm

Illustrated notes

Levels and vault maps discovered:
D:1:      eino_arrival_cavern_e, layout_basic, st_stairs_13,
          hangedman_decor_clover_reticule

Action                     || total
---------------------------++-------
  Melee: Short sword       ||     7
   Cast: Summon Small Mamm ||     5
   Stab: Sleeping          ||     1
 Armour: Robe              ||    10
  Dodge: Dodged            ||     5

Table legend: (Time is in decaauts)
 A = Elapsed time spent in this place.
 B = Non-inter-level travel time spent in this place.
 C = Inter-level travel time spent in this place.
 D = Time resting spent in this place.
 E = Time spent auto-exploring this place.
 F = Levels seen in this place.
 G = Mean time per level.
                   A        B        C        D        E       F      G
               +--------+--------+--------+--------+--------+-----+--------+
         Total |    130 |    130 |      0 |      0 |     71 |   1 |  130.0 |
       Dungeon |    130 |    130 |      0 |      0 |     71 |   1 |  130.0 |
               +--------+--------+--------+--------+--------+-----+--------+

Top non-repeatable levels by time:
     D:1: 130 daAuts
